 Dungeon Crawl Stone Soup version 0.15.1-1-gfacfea3 (webtiles) character file.

150 Johnny the Firebug (level 4, -5/35 HPs)
             Began as a Demigod Fire Elementalist on Sept 27, 2014.
             Killed from afar by Edmund (6 damage)
             ... with a wand of magic darts
             ... on Level 4 of the Dungeon.
             The game lasted 00:06:25 (2966 turns).

Johnny the Firebug (Demigod Fire Elementalist)      Turns: 2966, Time: 00:06:26

HP  -5/35        AC  6     Str 13      XL: 4   Next: 84%
MP   8/10        EV  9     Int 20      God:
Gold 176         SH  0     Dex 16      Spells:  2 memorised,  2 levels left

rFire  . . .     SeeInvis .     e - +0 dagger
rCold  . . .     Clarity  .     h - +0 ring mail
rNeg   . . .     rCorr    .     (no shield)
rPois  .         rRot     .     (no helmet)
rElec  .         Spirit   .     (no cloak)
SustAb .         Warding  .     t - +0 pair of gloves
rMut   .         Stasis   .     (no boots)
Gourm  .                        (no amulet)
MR     .....                    (no ring)
                                q - cursed ring of loudness

@: very slightly contaminated, not resistant to hostile enchantments, extremely
unstealthy
A: no striking features
a: no special abilities


You were on level 4 of the Dungeon.
You were hungry.

You visited 1 branch of the dungeon, and saw 4 of its levels.

You collected 176 gold pieces.

Inventory:

Hand weapons
 e - a +0 dagger (weapon)
Armour
 h - a +0 ring mail (worn)
 t - a +0 pair of gloves (worn)
Magical devices
 y - a wand of polymorph (10)
Comestibles
 a - 2 fruits
 c - 3 bread rations
 g - a royal jelly
 m - 2 meat rations
 o - 4 slices of pizza
 z - a chunk of jackal flesh
Scrolls
 f - 2 scrolls of remove curse
 k - a scroll of magic mapping
 l - a scroll of enchant armour {unknown}
 n - 3 scrolls of teleportation
 s - a scroll of random uselessness {unknown}
 u - a scroll of fear {unknown}
 v - a scroll of enchant weapon {unknown}
 x - a scroll of identify
Jewellery
 q - a cursed ring of loudness (left hand)
Potions
 d - a potion of curing
 i - a potion of restore abilities {unknown}
 j - a potion of haste {unknown}
 p - 2 potions of brilliance {unknown}
 r - a potion of confusion {unknown}
 w - 2 potions of poison {unknown}
Books
 b - a book of Flames

   Spells                             Type                      Level
   *Flame Tongue                      Conjuration/Fire             1
   Throw Flame                        Conjuration/Fire             2
   Conjure Flame                      Conjuration/Fire             3
   Inner Flame                        Hexes/Fire                   3
   *Sticky Flame                      Conjuration/Fire             4
   Fireball                           Conjuration/Fire             5


   Skills:
 * Level 1.5 Fighting
 + Level 1.0 Armour
 + Level 2.1 Dodging
 + Level 2.3 Stealth
 * Level 2.3 Spellcasting
 * Level 2.1 Conjurations
 * Level 3.3 Fire Magic
 + Level 0.2 Evocations


You had 2 spell levels left.
You knew the following spells:

 Your Spells              Type           Power        Failure   Level  Hunger
a - Flame Tongue          Conj/Fire      ##...        10%         1    #......
b - Sticky Flame          Conj/Fire      ##......     77%         4    #####..


Dungeon Overview and Level Annotations

Branches:
Dungeon (4/15)
 Temple: D:4-7

Annotations:
D:4 Edmund


Message History

Edmund zaps a wand.
The magic dart hits you!
* * * LOW HITPOINT WARNING * * *
Evoke which item? (* to show all) (? for menu, Esc to quit)
Zapping:
y - a wand of polymorph {zapped: 1}
Press: ? - help, Shift-Dir - straight line, f/p - Edmund
Aim: Edmund, wielding a runed flail, wearing a leather armour and carrying a wand of magic darts {zapped: 5} (lightly wounded) Edmund resists.
Edmund grinds his teeth, and then sighs.
Edmund zaps a wand.
The magic dart hits you!
There is a stone staircase leading down here.
Edmund zaps a wand.
The magic dart hits you!
* * * LOW HITPOINT WARNING * * *
Edmund zaps a wand.
The magic dart hits you!
* * * LOW HITPOINT WARNING * * *
Found a slice of pizza.
Edmund says, "I might not be good at magic, but I can still kill you!"
Edmund zaps a wand.
The magic dart hits you!
* * * LOW HITPOINT WARNING * * *
Edmund zaps a wand.
The magic dart hits you!
You die...

... #.%.# #...+ #...#
#...#+###+###
#.........@<#
#...........#
+...........#####..#
#...@..............#
##................#.#
#...#######'#.....#
+...'..+....#.....#
#..>#.##.##.#.....#
#..@#.##'##+#.....#


You could see Edmund.

Vanquished Creatures
  4 adders
  3 gnolls (D:3)
  A giant mite (D:3)
  A worm (D:3)
  3 giant geckos
  5 orcs (D:3)
  5 giant cockroaches
  8 goblins
  6 hobgoblins
  4 jackals (D:3)
  A ball python (D:2)
  9 bats
  4 giant newts
  6 kobolds
  A quokka (D:2)
  14 rats
75 creatures vanquished.

Notes
Turn   | Place    | Note
--------------------------------------------------------------
     0 | D:1      | Johnny, the Demigod Fire Elementalist, began the quest for the Orb.
     0 | D:1      | Reached XP level 1. HP: 14/14 MP: 3/3
    30 | D:1      | Reached skill level 1 in Conjurations
   433 | D:1      | Reached XP level 2. HP: 17/22 MP: 1/4
  1209 | D:2      | Reached skill level 1 in Fighting
  1209 | D:2      | Reached skill level 3 in Fire Magic
  1209 | D:2      | Reached XP level 3. HP: 21/28 MP: 3/7
  2063 | D:3      | Reached XP level 4. HP: 27/35 MP: 7/10
  2070 | D:3      | Reached skill level 1 in Armour
  2506 | D:3      | Learned a level 4 spell: Sticky Flame
  2942 | D:4      | Noticed Edmund
  2965 | D:4      | HP: 1/35 [Edmund/wand of magic darts (7)]
  2966 | D:4      | Killed from afar by Edmund

Action                   |  1- 3 |  4- 6 || total
-------------------------+-------+-------++-------
Melee: Dagger            |   172 |    81 ||   253
 Cast: Flame Tongue      |    34 |    34 ||    68
Evoke: Wand              |       |     2 ||     2
  Use: Scroll            |       |     4 ||     4
 Stab: Sleeping          |     3 |       ||     3
  Eat: Chunk             |     4 |     3 ||     7
